 Dungeon Crawl Stone Soup version 0.31.0-11-ge490571c62 (webtiles) character file.

Game seed: 17150985531095352563

681 qw the Ducker (level 7, -6/35 HPs)
             Began as a Spriggan Hunter on Feb 4, 2024.
             Was a Follower of Okawaru.
             Mangled by an iguana (12 damage)
             ... on level 5 of the Dungeon.
             The game lasted 00:00:14 (3169 turns).

qw the Ducker (Spriggan Hunter)                     Turns: 3169, Time: 00:00:15

Health: -6/35      AC:  4    Str:  7    XL:     7   Next: 34%
Magic:  9/9        EV: 23    Int: 10    God:    Okawaru [*.....]
Gold:   169        SH:  0    Dex: 21    Spells: 6/6 levels left

rFire   . . .        a - +0 shortbow
rCold   . . .        (shield currently unavailable)
rNeg    . . .        c - +0 robe
rPois   .            g - +2 hat
rElec   .            (no cloak)
rCorr   .            (gloves unavailable)
SInv    +            (boots unavailable)
Will    ++...        b - amulet of faith
Stlth   ++           h - ring of willpower
HPRegen 0.25/turn    (no ring)
MPRegen 0.11/turn

%: faith
@: lethally poisoned (-6 -> -22), very quick
A: very small, no large weapons, unfitting armour, see invisible, speed 3
a: Renounce Religion, Heroism


You were on level 5 of the Dungeon.
You worshipped Okawaru.
Okawaru was aware of your devotion.
You visited 2 branches of the dungeon, and saw 6 of its levels.

You collected 248 gold pieces.
You spent 79 gold pieces at shops.


Innate Abilities, Weirdness & Mutations

You are very small and have problems with some larger weapons.
You are too small for most types of armour.
You have supernaturally acute eyesight. (SInv)
You cover ground extremely quickly. (Speed+++)


   Skills:
 - Level 2.0 Fighting
 + Level 6.7 Ranged Weapons
 - Level 7.3 Dodging
 - Level 1.5 Stealth
 + Level 2.2 Invocations


You had 6 spell levels left.
You didn't know any spells.
Your spell library was empty.

Inventory:

Hand Weapons
 a - a +0 shortbow (weapon)
Armour
 c - a +0 robe (worn)
 g - a +2 hat (worn)
Jewellery
 b - an amulet of faith (around neck)
 h - a ring of willpower (left hand)
Scrolls
 d - 3 scrolls of enchant armour
 i - 2 scrolls of teleportation
 k - a scroll of identify
Potions
 e - 2 potions of might
 f - 2 potions of heal wounds
 j - a potion of enlightenment
 n - 2 potions of curing

Dungeon Overview and Level Annotations

Branches:
Dungeon (5/15)             Temple (1/1) D:4

Altars:
Ashenzari
Cheibriados
Dithmenos
Elyvilon
Gozag
Hepliaklqana
Kikubaaqudgha
Makhleb
Okawaru
Qazlal
Sif Muna
Trog
Uskayaw
Wu Jian
Xom
Yredelemnul
Zin
The Shining One

Shops:
D:2 *

Annotations:
D:3 3 runed translucent doors, qw's ghost, amateur DEHu


Message History

You shoot an arrow. The arrow hits the water moccasin.
The water moccasin is severely wounded.
You feel sick. The water moccasin closely misses you.
The water moccasin completely misses you.
You shoot an arrow.
The arrow hits the water moccasin but does no damage.
The water moccasin is heavily wounded.
You feel sick. The iguana barely misses you.
The water moccasin bites you but does no damage.
The iguana barely misses you.
You shoot an arrow. The arrow misses the water moccasin.
You feel sick.
The water moccasin barely misses you. x2
The iguana closely misses you.
You shoot an arrow. The arrow hits the water moccasin.
The water moccasin is severely wounded.
You feel sick. The water moccasin closely misses you.
The iguana completely misses you.
You shoot an arrow. The arrow hits the water moccasin.
The water moccasin is almost dead.
You feel sick.
The water moccasin completely misses you.
The water moccasin closely misses you.
The iguana bites you but does no damage.
You shoot an arrow. The arrow misses the water moccasin.
You feel sick. The water moccasin closely misses you.
The iguana barely misses you.
You shoot an arrow.
The arrow closely misses the water moccasin.
You feel sick.
You are no longer poisoned.
The water moccasin bites you. x2; The iguana completely misses you.
You shoot an arrow.
The arrow closely misses the water moccasin.
The water moccasin misses you. The iguana completely misses you.
You shoot an arrow.
The arrow closely misses the water moccasin.
The water moccasin misses you. The water moccasin bites you.
You are lethally poisoned!
The water moccasin poisons you! The iguana bites you!
You die...

# #.#..#.#########
#.#.#.##.##.......
#.#...............
#.....###.........
+.......+.........
#.....###.........
.....#+#.##......####
.... #(<#......# ..#
####.#@l..#
........S......
....###<#...... ...#
......#.. ...
......##) .. ..!....#
........ ..#.......


You could see a water moccasin and an iguana.

Vanquished Creatures
  Grinder (D:4)
  A phantom (D:4)
  3 scorpions
  2 bombardier beetles
  A sleepcap (D:4)
  8 adders
  A ribbon worm (D:4)
  2 dart slugs
  2 orcs (D:3)
  6 ball pythons
  4 bats
  3 endoplasms
  5 giant cockroaches
  7 goblins
  12 hobgoblins
  6 kobolds
  2 quokkas
  A frilled lizard (D:1)
  3 rats
70 creatures vanquished.

Notes
Turn   | Place    | Note
-------+----------+-------------------------------------------
     0 | D:1      | qw the Spriggan Hunter began the quest for the Orb.
     0 | D:1      | Reached XP level 1. HP: 10/10 MP: 2/2
     0 | D:1      | 0 ||| qw: Version: 0.3-a-160-g6735b56
     0 | D:1      | 0 ||| qw: Game counter: 5498
     0 | D:1      | 0 ||| qw: Melee chars always use a shield: true
     0 | D:1      | 0 ||| qw: God list: Okawaru
     0 | D:1      | 0 ||| qw: Allow faded altars: false
     0 | D:1      | 0 ||| qw: Do Orc after clearing Dungeon:15 true
     0 | D:1      | 0 ||| qw: Do second Lair branch before Depths: true
     0 | D:1      | 0 ||| qw: Lair rune preference: random
     0 | D:1      | 0 ||| qw: Goals: Normal
     0 | D:1      | 0 ||| PLANNING D:1-11
    77 | D:1      | Reached skill level 3 in Dodging
   118 | D:1      | Reached XP level 2. HP: 14/14 MP: 3/3
   154 | D:1      | Reached skill level 4 in Dodging
   754 | D:1      | 754 ||| READING 3 scrolls labelled DEFFICLERU.
   754 | D:1      | 754 ||| ENCHANTING +0 shortbow.
   755 | D:1      | 755 ||| DROPPING scroll of butterflies.
   774 | D:2      | 774 ||| STAIRDANCE
   790 | D:2      | 790 ||| STAIRDANCE
   811 | D:2      | 811 ||| STAIRDANCE
   821 | D:2      | 821 ||| STAIRDANCE
   827 | D:1      | Reached XP level 3. HP: 13/18 MP: 4/4
   986 | D:2      | Found Qiorotus's Assorted Antiques.
   994 | D:2      | 994 ||| BUYING 2 inky potions (37 gold).
   994 | D:2      | Bought 2 inky potions for 37 gold pieces
   994 | D:2      | 994 ||| SHOPLISTING encrusted wooden wand (84 gold, have
                  | 69).
   994 | D:2      | 994 ||| SHOPLISTING glowing troll leather armour (378 gold,
                  | have 69).
   994 | D:2      | 994 ||| BUYING scroll labelled EGASIA SEANTOKK (21 gold).
   994 | D:2      | Bought a scroll labelled EGASIA SEANTOKK for 21 gold pieces
   994 | D:2      | 994 ||| BUYING scroll labelled OBUSIG VYUGAM (21 gold).
   994 | D:2      | Bought a scroll labelled OBUSIG VYUGAM for 21 gold pieces
   994 | D:2      | 994 ||| SHOPLISTING twisted fluorescent amulet (105 gold,
                  | have 27).
  1255 | D:2      | 1255 ||| UPGRADING to +2 hat.
  1271 | D:2      | 1271 ||| UPGRADING to amulet of faith.
  1276 | D:2      | 1276 ||| DROPPING amulet of magic regeneration.
  1277 | D:2      | 1277 ||| READING scroll labelled EGASIA SEANTOKK.
  1277 | D:2      | 1277 ||| IDENTIFYING dark potion
  1278 | D:2      | 1278 ||| READING scroll labelled OBUSIG VYUGAM.
  1280 | D:2      | 1280 ||| FLEEEEING.
  1281 | D:2      | 1281 ||| FLEEEEING.
  1282 | D:2      | 1282 ||| FLEEEEING.
  1283 | D:2      | 1283 ||| FLEEEEING.
  1285 | D:2      | 1285 ||| FLEEEEING.
  1286 | D:2      | 1286 ||| FLEEEEING.
  1288 | D:2      | 1288 ||| FLEEEEING.
  1290 | D:2      | 1290 ||| FLEEEEING.
  1291 | D:2      | 1291 ||| FLEEEEING.
  1292 | D:2      | 1292 ||| FLEEEEING.
  1293 | D:2      | 1293 ||| FLEEEEING.
  1296 | D:2      | 1296 ||| FLEEEEING.
  1297 | D:2      | 1297 ||| FLEEEEING.
  1483 | D:2      | Reached XP level 4. HP: 22/22 MP: 5/5
  1658 | D:2      | 1658 ||| UPGRADING to ring of willpower.
  1659 | D:2      | 1659 ||| READING scroll labelled VITSUX NANLEN.
  1660 | D:2      | 1660 ||| READING scroll labelled DUSTIORAQA.
  1661 | D:2      | 1661 ||| DRINKING 3 inky potions.
  1662 | D:2      | 1662 ||| DRINKING 2 glowing green potions.
  1752 | D:3      | Identified the +0 long sword "Hoas" {spect, Fly Dex-2 SInv}
  1940 | D:3      | Found a runed translucent gate.
  1941 | D:3      | Found a runed translucent gate.
  1942 | D:3      | Found a runed translucent gate.
  1944 | D:3      | Noticed qw's ghost (amateur DEHu)
  2040 | D:3      | Reached skill level 5 in Dodging
  2069 | D:3      | Reached XP level 5. HP: 26/26 MP: 6/6
  2316 | D:3      | 2316 ||| READING 2 scrolls of identify.
  2316 | D:3      | 2316 ||| IDENTIFYING fuming amethyst potion
  2317 | D:3      | 2317 ||| READING scroll of identify.
  2317 | D:3      | 2317 ||| IDENTIFYING orange potion
  2318 | D:3      | 2318 ||| READING scroll labelled FIPHOPP QEAKKO.
  2319 | D:3      | 2319 ||| READING scroll labelled GUBYPAIMEBB.
  2323 | D:3      | 2323 ||| DROPPING potion of degeneration.
  2350 | D:4      | Found a shimmering altar of Xom.
  2375 | D:4      | Found a stormy altar of Qazlal.
  2434 | D:4      | Reached skill level 6 in Ranged Weapons
  2434 | D:4      | Reached XP level 6. HP: 30/30 MP: 7/7
  2586 | D:4      | Found a staircase to the Ecumenical Temple.
  2587 | D:4      | 2587 ||| PLANNING TEMPLE
  2596 | Temple   | Entered the Ecumenical Temple
  2597 | Temple   | 2597 ||| PLANNING OKAWARU WORSHIP
  2605 | Temple   | Became a worshipper of Warmaster Okawaru
  2606 | Temple   | 2606 ||| PLANNING D:1-11
  2631 | D:4      | Noticed Grinder
  2641 | D:4      | Killed Grinder
  2641 | D:4      | Reached * piety under Okawaru
  2642 | D:4      | Reached skill level 7 in Dodging
  2724 | D:4      | Found a burning altar of Makhleb.
  2781 | D:4      | Reached skill level 1 in Invocations
  2781 | D:4      | Reached XP level 7. HP: 35/35 MP: 8/8
  3086 | D:4      | 3086 ||| READING 2 scrolls of identify.
  3086 | D:4      | 3086 ||| IDENTIFYING murky black potion
  3087 | D:4      | 3087 ||| DROPPING potion of brilliance.
  3117 | D:5      | Entered Level 5 of the Dungeon
  3169 | D:5      | HP: 6/35 [water moccasin (4)]
  3169 | D:5      | Mangled by an iguana

Levels and vault maps discovered:
D:1:      minmay_arrival_hallway, layout_basic, roderic_lattice_a,
          grunt_decor_one_mirror, minivault_11, hangedman_decor_clover_reticule
D:2:      layout_loops_ring, serial_shops, shop_statue,
          minmay_misc_feat_more_columns, minmay_misc_feat_hallway,
          hangedman_glass_teeth, dk_noncrumbling_4, minmay_hexomino_c4
D:3:      layout_loops_ring, ebering_ghost_rock_garden
D:4:      layout_gridville, mainiacjoe_overflow_cross_hatched,
          mainiacjoe_overflow_big_doors, minmay_temple_entry_butterflies,
          lightli_corner_chamber, uniq_grinder
D:5:      layout_basic
Temple:   nicolae_temple_bog_church

Skill      XL: |  1  2  3  4  5  6  7 |
---------------+----------------------+-----
Dodging        | 3 4 5 7 |  7.3
Ranged Weapons | 5 6 |  6.7
Fighting       | 2 |  2.0
Invocations    | 1 2 |  2.2
Stealth        | |  1.5

Action                     |  1- 3 |  4- 6 |  7- 9 || total
---------------------------+-------+-------+-------++-------
   Fire: Shortbow          |    92 |   111 |    53 ||   256
    Use: Scroll            |     3 |     6 |     1 ||    10
         Potion            |       |     2 |       ||     2
 Armour: Robe              |     9 |     5 |    14 ||    28
  Dodge: Dodged            |    31 |    33 |    41 ||   105

Table legend:
 A = Non-vault XP
 B = Vault XP
 C = Vault XP percentage of total XP
 D = Non-vault monster count
 E = Vault monster count
 F = Vault count percentage of total count
                 A         B        C        D         E       F
            +---------+---------+-------+---------+---------+-------
      Total |     700 |     273 |  28.1 |      65 |       5 |   7.1
            +---------+---------+-------+---------+---------+-------
        D:1 |      42 |       0 |   0.0 |      24 |       0 |   0.0
        D:2 |      58 |       6 |   9.4 |      12 |       4 |  25.0
        D:3 |      96 |       0 |   0.0 |      13 |       0 |   0.0
        D:4 |     424 |     267 |  38.6 |      15 |       1 |   6.2
        D:5 |      80 |       0 |   0.0 |       1 |       0 |   0.0
            +---------+---------+-------+---------+---------+-------
